 Dungeon Crawl Stone Soup version 0.29-a0-214-g17f627cfee (webtiles) character file.

Game seed: 12912524971503595011

13 spaghetti the Sneak (level 2, -3/24 HPs)
             Began as a Demonspawn Delver on Feb 24, 2022.
             Shot with an arrow by a centaur (6 damage)
             ... on level 5 of the Dungeon.
             The game lasted 00:01:12 (433 turns).

spaghetti the Sneak (Demonspawn Delver)              Turns: 433, Time: 00:01:13

Health: -3/24      AC:  3    Str: 12    XL:     2   Next: 24%
Magic:  2/2        EV: 11    Int: 11    God:
Gold:   53         SH:  0    Dex: 14    Spells: 1/1 levels left

rFire   + . .      SeeInvis .   a - +0 short sword {short}
rCold   . . .      Faith    .   (no shield)
rNeg    . . .      Spirit   .   b - +0 leather armour
rPois   .          Reflect  .   (helmet restricted)
rElec   .          Harm     .   (no cloak)
rCorr   .          Rampage  .   (no gloves)
Will    .....                   (no boots)
Stlth   +.........              (no amulet)
HPRegen 0.08/turn               k - ring of protection from fire
MPRegen 0.08/turn               (no ring)

@: confused, attractive, hasted, very quick
A: antennae 1
a: no special abilities


You were on level 5 of the Dungeon.
You visited 1 branch of the dungeon, and saw 4 of its levels.

You collected 53 gold pieces.


Innate Abilities, Weirdness & Mutations

You have a pair of small antennae on your head.


   Skills:
 - Level 3.0 Fighting
 - Level 1.7 Short Blades
 - Level 1.7 Dodging
 + Level 5.1 Stealth


You had one spell level left.
You didn't know any spells.
Your spell library was empty.

Inventory:

Hand Weapons
 a - a +0 short sword (weapon) {short}
Missiles
 h - 25 stones (quivered) {throwing}
 j - 4 silver javelins {throwing}
Armour
 b - a +0 leather armour (worn)
Jewellery
 k - a ring of protection from fire (left hand)
   (You found it on level 2 of the Dungeon)
Wands
 g - a wand of digging (1)
Scrolls
 c - a scroll of fog
 d - a scroll of magic mapping {!r}
Potions
 i - a potion of attraction {!q}

Dungeon Overview and Level Annotations

Branches:
Dungeon (5/15)
 Temple: D:4-7

Altars:
Makhleb
Zin

Annotations:
D:4 Edmund

#....# #..§.######## ##
###S§..##.....# #A
##§.§..§.......+
#####§##.§..##§....#
#._.#Z##....##.....##
#...#{c######..O.....
...+...+...§...#........
>......@....o..§...o....
####._...#..(..#..o.....
#.####.......#c..?.... #
#1 #..#....#........ #
#..#....#........
#+##....#........
.############)


You could see an angel, an Executioner, a centaur, an orc and a centaur
skeleton.


Message History

The orc looks frightened! x2
The centaur skeleton is unaffected.
The adder looks frightened!
The ogre looks frightened!
The orc looks frightened! x4; The gnoll looks frightened!
You feel sick.
The centaur begs, "Please don't kill me!" 😕 HP[-2]
You take 2 damage, and now have 20/24 hp.
You feel sick. 😕 HP[-1]
You take 1 damage, and now have 19/24 hp.
You feel sick. 😮 HP[-1]
You take 1 damage, and now have 18/24 hp.
You feel sick. The centaur skeleton hits you. The centaur skeleton kicks you.
* * * LOW HITPOINT WARNING * * *
😨 HP[-6]
You take 6 damage, and now have 12/24 hp.
MASSIVE DAMAGE!! (PAUSE) It was a potion of attraction.
You feel attractive to monsters.
You feel sick.
You are no longer poisoned.
The centaur skeleton misses you. x2; Something is attracted toward you.
The adder is attracted toward you. 😨 HP[-1]
You take 1 damage, and now have 11/24 hp.
You feel yourself speed up. The centaur skeleton barely misses you.
The centaur skeleton kicks you but does no damage.
The adder is attracted toward you. The adder is attracted toward you.
The adder is attracted toward you. Something is attracted toward you.
The adder is attracted toward you. Something is attracted toward you.
The centaur skeleton is attracted toward you.
The adder is attracted toward you. Something is attracted toward you.
The centaur skeleton is attracted toward you.
The adder is attracted toward you.
Okay, then.
Aiming: Dig
Press: ? - help, Shift-Dir - straight line A rock wall.
The rock shatters into small pieces.
The centaur skeleton is attracted toward you.
The adder is attracted toward you. 😨 HP[+1]
Aiming: Dig
Press: ? - help, Shift-Dir - straight line A rock wall.
The rock shatters into small pieces.
Something hits you.
* * * LOW HITPOINT WARNING * * *
The adder is attracted toward you. 😨 HP[-1]
You take 1 damage, and now have 11/24 hp.
Something is attracted toward you.
Okay, then.
Okay, then.
You miss something. Something hits you.
* * * LOW HITPOINT WARNING * * *
😨 HP[-1]
You take 1 damage, and now have 10/24 hp.
You barely miss something.
You hear some strange, mumbled words.
You are confused.
You bump into the stone wall.
You bump into the rock wall.
Something hits you.
* * * LOW HITPOINT WARNING * * *
The centaur is attracted toward you. 😨 HP[-2]
You take 2 damage, and now have 8/24 hp.
Unknown command.
The Executioner gives a hideous shriek!
The centaur misses you. The centaur kicks you.
* * * LOW HITPOINT WARNING * * *
The centaur skeleton is attracted toward you. 😱 HP[-2]
You take 2 damage, and now have 6/24 hp.
Unknown command.
You're too confused to move!
The centaur hits you but does no damage.
The centaur kicks you.
* * * LOW HITPOINT WARNING * * *
😱 HP[-1]
You take 1 damage, and now have 5/24 hp.
Unknown command.
Unknown command.
Unknown command.
Found a burning altar of Makhleb.
The centaur hits you.
* * * LOW HITPOINT WARNING * * *
The centaur completely misses you.
The centaur skeleton is attracted toward you.
The orc is attracted toward you. 😱 HP[-2]
You take 2 damage, and now have 3/24 hp.
Unknown command.
Found a glowing silver altar of Zin.
Found a stone staircase leading down.
The angel shouts!
The centaur wields a +0 shortbow.
The centaur shoots an arrow.
The arrow hits you.
You die...

Skill      XL: |  1  2 |
---------------+-------+-----
Stealth        | 5 |  5.1
Fighting       | |  3.0
Short Blades   | |  1.7
Dodging        | |  1.7

Action                   || total
-------------------------++-------
Melee: Short sword       ||    15
Evoke: Wand              ||     2
  Use: Potion            ||     2
       Scroll            ||     1
 Stab: Sleeping          ||     5
Armor: Leather armour    ||     3
Dodge: Dodged            ||    14

Levels and vault maps discovered:
D:2:      layout_basic, serial_rivers, chequers_serial_rivers_large_b,
          chequers_serial_rivers_room_a, chequers_serial_rivers_micro_d,
          chequers_serial_rivers_marsh
D:3:      layout_loops_corners
D:4:      layout_basic, grunt_decor_arrowhead, uniq_edmund, uniq_duvessa
D:5:      layout_basic, grunt_temple_overflow_order_and_chaos_2,
          nicolae_ossuary_entry_catacombs, uniq_ijyb

Notes
Turn   | Place    | Note
-------+----------+-------------------------------------------
     0 | D:5      | spaghetti the Demonspawn Delver began the quest for the
                  | Orb.
     0 | D:5      | Reached XP level 1. HP: 18/18 MP: 1/1
     0 | D:5      | magus.rc [v1.9.6]
    58 | D:4      | Noticed an orc wizard
    61 | D:4      | Noticed Edmund
    86 | D:3      | Gained mutation: You have a pair of small antennae on your
                  | head. [demonic ancestry]
    86 | D:3      | Reached XP level 2. HP: 24/24 MP: 2/2
   231 | D:2      | Reached skill level 5 in Stealth
   405 | D:3      | You fall into a shaft and drop 2 floors!
   405 | D:5      | Noticed a centaur
   405 | D:5      | Noticed an ogre
   430 | D:5      | Noticed an Executioner
   430 | D:5      | HP: 6/24 [centaur (2)]
   432 | D:5      | Found a burning altar of Makhleb.
   433 | D:5      | Noticed an angel
   433 | D:5      | Shot with an arrow by a centaur

Vanquished Creatures
  An ufetubus (D:5)
  A giant cockroach (D:3)
  A goblin (D:2)
  A kobold (D:3)
  2 quokkas (D:3)
  A rat (D:2)
7 creatures vanquished.

Table legend:
 A = Non-vault XP
 B = Vault XP
 C = Vault XP percentage of total XP
 D = Non-vault monster count
 E = Vault monster count
 F = Vault count percentage of total count
                 A         B        C        D         E       F
            +---------+---------+-------+---------+---------+-------
      Total |      19 |       0 |   0.0 |       7 |       0 |   0.0
            +---------+---------+-------+---------+---------+-------
        D:2 |       3 |       0 |   0.0 |       2 |       0 |   0.0
        D:3 |       8 |       0 |   0.0 |       4 |       0 |   0.0
        D:5 |       8 |       0 |   0.0 |       1 |       0 |   0.0
            +---------+---------+-------+---------+---------+-------

Illustrated notes

Table legend:
 A = Kills in this place as a percentage of kills in entire the game.
 B = Kills by you in this place as a percentage of kills by you in the entire game.
 C = Kills by friends in this place as a percentage of kills by friends in the entire game.
 D = Other kills in this place as a percentage of other kills in the entire game.
 E = Experience gained in this place as a percentage of experience gained in the entire game.
 F = Experience gained in this place divided by the number of levels of this place that you have seen.
                   A       B       C       D       E      F
               +-------+-------+-------+-------+-------+----------------------
         Total | 100.0 | 100.0 |   N/A |   N/A | 100.0 |   4.8
       Dungeon | 100.0 | 100.0 |   N/A |   N/A | 100.0 |   4.8
               +-------+-------+-------+-------+-------+----------------------

Table legend: (Time is in decaauts)
 A = Elapsed time spent in this place.
 B = Non-inter-level travel time spent in this place.
 C = Inter-level travel time spent in this place.
 D = Time resting spent in this place.
 E = Time spent auto-exploring this place.
 F = Levels seen in this place.
 G = Mean time per level.
                   A        B        C        D        E       F      G
               +--------+--------+--------+--------+--------+-----+--------+
         Total |    427 |    391 |     36 |      0 |    305 |   4 |  106.8 |
       Dungeon |    427 |    391 |     36 |      0 |    305 |   4 |  106.8 |
               +--------+--------+--------+--------+--------+-----+--------+

Top non-repeatable levels by time:
     D:3: 296 daAuts
     D:5: 75 daAuts
     D:2: 43 daAuts
     D:4: 12 daAuts
